 Dungeon Crawl Stone Soup version 0.28-b1-25-g9875b3fc8c (webtiles) character file.

Game seed: 11170097676641345996

2387 inmateoo the Cleaver (level 9, -8/93 HPs)
             Began as a Hill Orc Gladiator on Feb 5, 2022.
             Was a Follower of Hepliaklqana.
             Shot with an arrow by a centaur warrior (12 damage)
             ... on level 7 of the Dungeon.
             The game lasted 00:10:00 (6741 turns).

inmateoo the Cleaver (Hill Orc Gladiator)           Turns: 6741, Time: 00:10:01

Health: -8/93      AC: 28    Str: 21    XL:     9   Next: 46%
Magic:  9/9        EV:  2    Int:  8    God:    Hepliaklqana [*.....]
Gold:   303        SH:  4    Dex: 12    Spells: 8/8 levels left

rFire   . . .      SeeInvis .   a - +0 war axe
rCold   . . .      Faith    .   s - +0 buckler
rNeg    . . .      Spirit   .   (armour currently unavailable)
rPois   +          Reflect  .   (helmet currently unavailable)
rElec   .          Harm     .   (cloak currently unavailable)
rCorr   .          Rampage  .   (gloves currently unavailable)
Will    +....      NoTele   +   (boots currently unavailable)
Stlth   +.........              p - amulet of magic regeneration
HPRegen 0.25/turn               n - +4 ring of protection
MPRegen 0.51/turn               (no ring)

@: tree-form
A: stationary, stasis, torment immunity, boosted hp, reduced essence, frail 1,
strong-willed 1, (shaggy fur 1), wild magic 1
a: Renounce Religion, Recall Ancestor, Ancestor Identity


You were on level 7 of the Dungeon.
You worshipped Hepliaklqana.
Hepliaklqana was aware of your devotion.
You were a tree.
You visited 2 branches of the dungeon, and saw 8 of its levels.

You collected 303 gold pieces.

Inventory:

Hand Weapons
 a - a +0 war axe (weapon)
 h - a +2 dagger of venom
 u - a +2 trident
Armour
 c - a +0 helmet (melded)
 e - a +0 pair of gloves (melded)
 k - a +2 pair of boots (melded)
 s - a +0 buckler (worn)
 t - +0 swamp dragon scales (melded)
Jewellery
 n - a +4 ring of protection (left branch)
 p - an amulet of magic regeneration (around neck)
Wands
 i - a wand of mindburst (8)
 j - a wand of acid (8)
 l - a wand of flame (42)
Scrolls
 d - 2 scrolls of vulnerability
 g - a scroll of holy word
Potions
 b - a potion of haste
 m - a potion of mutation
 q - 2 potions of magic
 r - a potion of ambrosia


   Skills:
 + Level 6.8 Fighting
 * Level 10.7 Axes
 - Level 1.7 Throwing
 + Level 5.7 Armour
 + Level 5.0 Dodging
 + Level 3.0 Shields


You had 8 spell levels left.
You didn't know any spells.
Your spell library contained the following spells:

 Spells                   Type           Power      Damage    Failure   Level
 Magic Dart               Conj           0%         1d3       58%         1
 Call Imp                 Summ           0%         N/A       73%         2
 Call Canine Familiar     Summ           0%         N/A       90%         3
 Mephitic Cloud           Conj/Pois/Air  0%         N/A       90%         3
 Portal Projectile        Hex/Tloc       0%         N/A       90%         3
 Leda's Liquefaction      Hex/Erth       0%         N/A       100%        4


Dungeon Overview and Level Annotations

Branches:
Dungeon (7/15)             Temple (1/1) D:4

Altars:
Gozag
Hepliaklqana
Kikubaaqudgha
Makhleb
Ru
Sif Muna
Trog
Vehumet
Xom

Annotations:
D:5 1 runed translucent door, Fingolfin's ghost, novice GrFi


Innate Abilities, Weirdness & Mutations

You are a tree.
Your roots penetrate the ground, keeping you stationary.
You cannot be teleported.
You are immune to unholy pain and torment.
Your maximum health is greatly increased.
Your equipment is partially melded.
Your life essence is reduced to manifest your ancestor. (-10% HP)
You are frail. (-10% HP)
You are strong-willed. (Will+)
((You are covered in fur. (AC +1)))
Your spells are a little harder to cast, but a little more powerful.


Message History

The scorpion barely misses Belessunu.
The centaur warrior shoots an arrow.
The arrow hits Belessunu!
Your Shields skill increases to level 3!
Okay, then.
Okay, then.
The centaur warrior shoots an arrow.
The arrow hits Belessunu!
Belessunu barely misses the centaur warrior.
Something stings Belessunu but does no damage.
Something hits Belessunu.
Something barely misses Belessunu.
Something stings Belessunu!
Belessunu is destroyed!
The centaur warrior wields a +0 shortbow.
The centaur warrior shoots an arrow.
You block the arrow.
The centaur warrior shoots an arrow.
The arrow hits you.
The centaur warrior shoots an arrow.
The arrow hits you.
The centaur warrior shoots an arrow.
The arrow hits you!
Things that are here:
a +0 giant spiked club; a +0 club; a +0 leather armour The centaur warrior shoots an arrow.
The arrow hits you but does no damage.
The centaur warrior shoots an arrow.
You block the arrow.
The centaur warrior shoots an arrow.
The arrow hits you!
The centaur warrior shoots an arrow.
The arrow hits you.
The centaur warrior shoots an arrow.
The arrow hits you but does no damage.
The centaur warrior shoots an arrow.
The arrow hits you!
* * * LOW HITPOINT WARNING * * *
As you read the scroll of teleportation, it crumbles to dust.
You feel strangely unstable.
The centaur warrior shoots an arrow.
The arrow hits you!
* * * LOW HITPOINT WARNING * * *
The centaur warrior shoots an arrow.
The arrow barely misses you.
It was a potion of lignification.
You turn into a tree.
Your +0 helmet melds into your body.
Your +0 pair of gloves melds into your body.
Your +2 pair of boots melds into your body.
Your +0 swamp dragon scales melds into your body.
Your roots penetrate the ground.
You feel strangely stable.
The centaur warrior shoots an arrow.
The arrow hits you.
* * * LOW HITPOINT WARNING * * *
The centaur warrior shoots an arrow.
The arrow hits you!
You die...

#.♣♣♣.#.♣.♣.#...#♣♣.♣♣#♣
..#♣♣♣♣.♣..♣..♣...♣♣.♣.♣♣.
..............'>8<).♣♣♣...
#.#♣♣♣♣†♣..♣..♣...♣♣.♣.♣♣.
♣♣..#.♣.♣.#...#♣♣.♣♣#♣
♣♣...########'## ###
#♣..♣.#♣♣c♣♣ ♣.♣ ♣.♣
#..♣♣.#♣.♣.♣♣♣.♣♣♣.♣
#.♣♣.♣#♣♣♣♣.♣♣.♣♣.♣
#♣♣.♣♣#♣♣ ♣♣c♣.♣[♣♣ ###
♣♣s).♣♣ ##W########
#........# ######c♣.#
+?.s#.♣.# #..'c♣.#
####..(#


You could see a centaur warrior.

Vanquished Creatures
  A cyclops (D:6)
  A water moccasin (D:5)
  A floating eye (shapeshifter) (D:7)
  A necrophage (D:5)
  2 ogres
  A phantom (D:4)
  A kobold brigand (D:6)
  3 bullfrogs
  3 scorpions
  A water moccasin zombie (D:5)
  A water moccasin skeleton (D:5)
  A wight (D:7)
  A howler monkey (D:4)
  A bullfrog zombie (D:6)
  A jelly (D:7)
  2 orc priests
  A centaur skeleton (D:7)
  2 bullfrog skeletons (D:5)
  3 iguanas
  A killer bee zombie (D:7)
  A hound skeleton (D:5)
  3 adders
  2 ufetubi
  A worm (D:2)
  3 dart slugs
  8 orcs
  8 endoplasms
  A giant cockroach (D:2)
  4 hobgoblins
  9 jackals
  2 quokkas
  9 ball pythons
  4 bats
  2 frilled lizards (D:1)
  9 goblins
  9 kobolds
  4 rats (D:1)
108 creatures vanquished.

Vanquished Creatures (collateral kills)
  Maggie (D:6)
  A sky beast (D:7)
  A centaur skeleton (D:6)
  A white imp (D:6)
4 creatures vanquished.

Vanquished Creatures (others)
  3 ancestors (D:7)
  A hobgoblin (D:4)
  25 plants
29 creatures vanquished.

Grand Total: 141 creatures vanquished

Notes
Turn   | Place    | Note
-------+----------+-------------------------------------------
     0 | D:1      | inmateoo the Hill Orc Gladiator began the quest for the
                  | Orb.
     0 | D:1      | Reached XP level 1. HP: 18/18 MP: 1/1
   100 | D:1      | Reached XP level 2. HP: 21/25 MP: 2/2
   165 | D:1      | Found a faded altar of an unknown god.
   247 | D:1      | Reached skill level 1 in Armour
   257 | D:1      | Reached XP level 3. HP: 30/30 MP: 3/3
  1284 | D:2      | Noticed an ogre
  2294 | D:3      | Reached skill level 5 in Axes
  2294 | D:3      | Reached XP level 4. HP: 29/38 MP: 4/4
  2619 | D:2      | Killed an ogre
  2620 | D:2      | Reached XP level 5. HP: 34/46 MP: 5/5
  2805 | D:4      | Reached skill level 6 in Axes
  2975 | D:4      | Reached XP level 6. HP: 16/52 MP: 6/6
  3278 | D:4      | Found a staircase to the Ecumenical Temple.
  3287 | Temple   | Entered the Ecumenical Temple
  3427 | Temple   | Became a worshipper of Hepliaklqana the Forgotten
  3623 | D:4      | Found a radiant altar of Vehumet.
  3654 | D:4      | Gained mutation: You are frail. (-10% HP) [potion of
                  | mutation]
  3654 | D:4      | Gained mutation: Your spells are a little harder to cast,
                  | but a little more powerful. [potion of mutation]
  3654 | D:4      | Gained mutation: You are covered in fur. (AC +1) [potion of
                  | mutation]
  3654 | D:4      | Gained mutation: You are strong-willed. (Will+) [potion of
                  | mutation]
  4380 | D:5      | Entered Level 5 of the Dungeon
  4464 | D:5      | Reached skill level 7 in Axes
  4626 | D:5      | Found a runed translucent door.
  4627 | D:5      | Noticed Fingolfin's ghost (novice GrFi)
  4640 | D:5      | Noticed a necrophage
  4645 | D:5      | Killed a necrophage
  4646 | D:5      | Reached XP level 7. HP: 54/54 MP: 7/7
  4828 | D:5      | Reached skill level 5 in Fighting
  4832 | D:5      | Reached skill level 8 in Axes
  5281 | D:6      | Reached * piety under Hepliaklqana
  5329 | D:6      | Reached XP level 8. HP: 54/54 MP: 8/8
  5371 | D:6      | Noticed Maggie
  5390 | D:6      | Killed Maggie
  5391 | D:6      | Reached skill level 9 in Axes
  6056 | D:7      | Noticed a yak
  6056 | D:7      | Noticed a yak
  6056 | D:7      | Noticed a yak
  6057 | D:7      | Noticed a yak
  6059 | D:7      | Noticed a yak
  6139 | D:7      | Noticed a cyclops
  6143 | D:7      | Reached skill level 1 in Shields
  6237 | D:6      | Killed a cyclops
  6238 | D:6      | Reached skill level 10 in Axes
  6238 | D:6      | Reached skill level 5 in Armour
  6238 | D:6      | Reached XP level 9. HP: 20/62 MP: 9/9
  6607 | D:7      | Reached skill level 5 in Dodging
  6718 | D:7      | Noticed a centaur warrior
  6740 | D:7      | HP: 3/93 [centaur warrior/arrow (6)]
  6741 | D:7      | Shot with an arrow by a centaur warrior

Illustrated notes

Levels and vault maps discovered:
D:1:      beargit_arrival_diablo_church, layout_loops_ring, serial_bayou,
          serial_bayou_pond_d, serial_bayou_lagoon_b, serial_bayou_pond_c,
          serial_bayou_crossing, serial_bayou_lagoon_a,
          nicolae_ecumenical_snake_handling
D:2:      layout_basic
D:3:      layout_rooms, roderic_roman_lattice, chequers_serial_rivers_small_a
D:4:      layout_loops_ring, vehumet_altar_wand_db,
          minmay_temple_entry_enclosed_plants, corner_web_ring,
          solitary_fountain, kennysheep_donut
D:5:      layout_loops_ring, ebering_ghost_reflecting_pool
D:6:      layout_basic, uniq_maggie
D:7:      nzn_winding_woodlands_stair_cross [nzn_winding_woodlands_5x15_pool,
          nzn_winding_woodlands_center_lodge,
          nzn_winding_woodlands_5x15_sawtooth,
          nzn_winding_woodlands_5x5_closed_star,
          nzn_winding_woodlands_hourglass, nzn_winding_woodlands_5x15_zeroes,
          nzn_winding_woodlands_center_diamonds,
          nzn_winding_woodlands_5x15_pockets], layout_loops_cross,
          zin_scriptorium, serial_bayou_pond_b, minmay_nine_imps
Temple:   mainiacjoe_temple_big_plus

Skill      XL: |  1  2  3  4  5  6  7  8  9 |
---------------+----------------------------+-----
Armour         | 1 2 3 5 |  5.7
Fighting       | 3 4 5 6 |  6.8
Axes           | 5 6 7 8 10 | 10.7
Dodging        | 3 4 5 |  5.0
Shields        | 2 3 |  3.0
Throwing       | |  1.7

Action                   |  1- 3 |  4- 6 |  7- 9 || total
-------------------------+-------+-------+-------++-------
Melee: War axe           |    97 |    88 |   175 ||   360
       Dagger            |       |    10 |       ||    10
       Punch             |       |     1 |       ||     1
Throw: Throwing net      |     2 |     1 |       ||     3
Evoke: Wand              |       |     5 |     1 ||     6
  Use: Scroll            |     1 |     2 |     6 ||     9
       Potion            |       |     2 |     1 ||     3
 Stab: Distracted        |       |     1 |     1 ||     2
Armor: Leather armour    |    38 |       |       ||    38
       Ring mail         |     6 |    45 |    38 ||    89
       Swamp dragon scal |       |       |    44 ||    44
Dodge: Dodged            |    71 |    48 |   126 ||   245
Block: Buckler           |       |       |    25 ||    25
